 Dungeon Crawl Stone Soup version 0.17-a0-963-gaa5423c (webtiles) character file.

38287 RobertPalmer the Bludgeoner (level 14, -2/123 HPs)
             Began as an Ogre Chaos Knight on May 8, 2015.
             Killed from afar by a fire dragon (37 damage)
             ... with a blast of flame
             ... while paralysed by you
             ... on level 15 of the Dungeon.
             The game lasted 00:38:12 (15396 turns).

RobertPalmer the Bludgeoner (Ogre Chaos Knight)    Turns: 15396, Time: 00:38:12

Health: -2/123     AC: 15    Str: 23      XL:     14   Next: 1%
Magic:  14/14      EV:  1    Int: 15      God:    Xom [..*...]
Gold:   591        SH:  0    Dex: 15 (16) Spells: 1 memorised, 11 levels left

rFire  . . .     SeeInvis +     a - +8 giant club of Linearity {crush, rElec Str+3 Stlth-}
rCold  . . .     Clarity  .     H - +3 storm dragon armour of the Hundredfold Moons {rElec Int+4, rElec}
rNeg   . . .     SustAb   .     (no shield)
rPois  .         Gourm    .     (helmet restricted)
rElec  +         Spirit   .     d - +0 cloak
rCorr  .         Warding  .     (gloves unavailable)
rMut   .         Stasis   .     (boots unavailable)
MR     +....                    (no amulet)
Stlth  ..........               h - +3 ring of dexterity
                                v - ring of see invisible {sInv, !d}

@: paralysed, very slightly contaminated, invisible, somewhat resistant to
hostile enchantments, extremely unstealthy
A: unfitting armour, hooves 1, deformed body, screaming 1, tough skin 1
a: Renounce Religion


You were on level 15 of the Dungeon.
You worshipped Xom.
You were a toy of Xom.
You were not hungry.

You visited 1 branch of the dungeon, and saw 15 of its levels.
You visited 1 bazaar.
You also visited: Sewer.

You collected 1331 gold pieces.
You spent 740 gold pieces at shops.

Inventory:

Hand weapons
 a - the +8 giant club of Linearity (weapon) {crush, rElec Str+3 Stlth-}
   (You acquired it on level 5 of the Dungeon)

   It inflicts extra damage upon your enemies.
   It affects your strength (+3).
   It insulates you from electricity.
   It makes you less stealthy.
 b - a +0 blowgun
   (You took it off a kobold on level 3 of the Dungeon)
 O - a +3 executioner's axe of chaos
   (You took it off a deep elf mage on level 12 of the Dungeon)
Missiles
 k - 3 curare-tipped needles
Armour
 d - a +0 cloak (worn)
   (You found it on level 3 of the Dungeon)
 H - the +3 storm dragon armour of the Hundredfold Moons (worn) {rElec Int+4, rElec}
   (You acquired it on level 7 of the Dungeon)

   It affects your intelligence (+4).
   It insulates you from electricity.
Magical staves
 w - an uncursed staff of summoning {unknown}
   (You found it on level 9 of the Dungeon)
 A - an uncursed staff of conjuration {unknown}
   (You found it on level 12 of the Dungeon)
 I - an uncursed staff of air {unknown}
   (You found it on level 7 of the Dungeon)
 N - an uncursed staff of conjuration {unknown}
   (You found it on level 9 of the Dungeon)
 U - an uncursed staff of fire {unknown}
   (You found it on level 12 of the Dungeon)
Jewellery
 e - an uncursed ring of stealth {Stlth+}
   (You found it on level 1 of the Dungeon)
 f - an uncursed ring of magical power {MP+9}
   (You found it on level 2 of the Dungeon)
 h - a +3 ring of dexterity (right hand)
   (You found it on level 1 of the Dungeon)
 m - an uncursed ring of protection from magic {MR+, !d}
   (You acquired it on level 13 of the Dungeon)
 v - a ring of see invisible (left hand) {sInv, !d}
   (You found it on level 4 of the Dungeon)
 y - a +4 ring of intelligence
   (You found it on level 6 of the Dungeon)
 P - a +5 ring of intelligence
   (You found it on level 10 of the Dungeon)
Magical devices
 n - a wand of paralysis (9)
   (You found it on level 13 of the Dungeon)
 D - a wand of cold (2)
   (Xom gifted it to you on level 7 of the Dungeon)
Scrolls
 o - a scroll of teleportation
 r - 2 scrolls of recharging
 u - 2 scrolls of blinking {!r}
 x - 4 scrolls of remove curse
 G - 4 scrolls of enchant armour
 V - a scroll of magic mapping {!r}
Potions
 i - a potion of heal wounds
 j - a potion of cancellation
 l - 3 potions of might
 q - a potion of berserk rage {unknown}
 t - 3 potions of haste
 z - 4 potions of flight
 B - a potion of magic
 C - 8 potions of curing
 L - a potion of resistance
 S - a potion of brilliance
Books
 p - a book of Power
   (You found it on level 4 of the Dungeon)
 F - a book of Minor Magic
   (You found it on level 7 of the Dungeon)
 M - a book of the Earth
   (You found it on level 8 of the Dungeon)
 R - a book of Changes
   (You found it on level 12 of the Dungeon)
Comestibles
 c - 9 bread rations {@e1}
 g - 4 meat rations {@e2}
 s - 5 chunks of flesh {@w0}
 W - 7 fruits
 X - 2 beef jerkies


   Skills:
 - Level 4.0 Fighting
 - Level 16.9 Maces & Flails
 - Level 11.3 Armour
 + Level 12.6 Dodging


You had 11 spell levels left.
You knew the following spells:

 Your Spells              Type           Power        Failure   Level  Hunger
d - Repel Missiles        Chrm/Air       #.....       99%         2    ###....


Dungeon Overview and Level Annotations

Branches:
Dungeon (15/15)            Temple (0/1) D:7            Lair (0/8) D:11
    Orc (0/4) D:10         Vaults (0/5) D:13
 Depths: D:15

Altars:
Ashenzari
Cheibriados
Dithmenos
Fedhas
Gozag
Kikubaaqudgha
Makhleb
Nemelex Xobeh
Okawaru
Qazlal
Trog
Vehumet
Xom
Zin
The Shining One

Shops:
D:10 [

Annotations:
D:6 exclusion: statue
D:14 Nessos


Innate Abilities, Weirdness & Mutations

You are too large for most types of armour.
You have tough skin (AC +1).
You have large cloven feet.
Armour fits poorly on your strangely shaped body.
You occasionally shout uncontrollably at your foes.


Message History

A mottled dragon comes into view.
A mottled dragon is nearby!
A mottled dragon is nearby!
A mottled dragon is nearby!
The mottled dragon breathes sticky fire at you.
The sticky flame hits you!
You are covered in liquid flames!
You hear an angry hiss. x2
You bludgeon the mottled dragon!!
You kill the mottled dragon!
You are covered in liquid flames!
A komodo dragon comes into view.
You take 4 damage, and have 110/114 hp.
You are covered in liquid flames!
Found a stone staircase leading up.
You take 5 damage, and have 105/114 hp.
You are covered in liquid flames!
You take 1 damage, and have 104/114 hp.
Your storm dragon armour of the Hundredfold Moons prevents you from hitting the komodo dragon.
You are covered in liquid flames!
The komodo dragon bites you!
You take 18 damage, and have 86/114 hp.
You hit the komodo dragon. Your kick misses the komodo dragon.
You are covered in liquid flames!
The komodo dragon closely misses you.
You closely miss the komodo dragon.
You kick the komodo dragon, but do no damage.
The komodo dragon barely misses you.
You barely miss the komodo dragon.
You kick the komodo dragon, but do no damage.
You bludgeon the komodo dragon!!
You kick the komodo dragon, but do no damage.
You hear an angry hiss.
The komodo dragon bites you!!
A tarantella comes into view.
You take 22 damage, and have 65/114 hp.
You are too injured to fight recklessly!
You are too injured to fight recklessly!
You bludgeon the komodo dragon!!
You kill the komodo dragon!
You feel your intelligence returning.
You shout at the fire dragon!
A fire dragon comes into view.
Drink which item? (? for menu, Esc to quit)
You fade into invisibility!
Xom pokes at a nearby staircase.
The stone staircase leading up slides away from you!
The fire dragon breathes flames at you. The blast of flame hits you!
You are very lightly contaminated with residual magic.
You take 26 damage, and have 39/114 hp.
MASSIVE DAMAGE!!
The tarantella changes into an unseen horror! "The weather's been a little too boring around here."
Xom's malign attention turns to you for a moment.
You feel clumsy.
You are now Xom's teddy bear.
The unseen horror is engulfed in seething chaos.
The floor and the ceiling briefly switch places.
The unseen horror hits you but does no damage.
The unseen horror is engulfed in seething chaos.
The unseen horror suddenly stops moving!
The helpless unseen horror fails to defend itself.
You hammer the unseen horror like a gong!!!
You kill the unseen horror!
You have reached level 14!
You regained 3 hp, and now have 44/123 hp.
MP restored: 14 You bludgeon the fire dragon!!
The fire dragon is engulfed in seething chaos.
The fire dragon breathes flames at you. The blast of flame misses you.
You hit the fire dragon. Your kick misses the fire dragon.
You are engulfed in seething chaos.
The fire dragon is engulfed in seething chaos.
The fire dragon completely misses you. The fire dragon misses you.
The fire dragon barely misses you.
You strike the helpless fire dragon from behind!
You hit the fire dragon.
You kick the fire dragon, but do no damage.
You are engulfed in seething chaos.
You suddenly lose the ability to move!
Xom opens a gate.
You are now a toy of Xom.
The fire dragon is engulfed in seething chaos.
The fire dragon bites you but does no damage.
The fire dragon claws you but does no damage.
The fire dragon tramples you but does no damage.
You are engulfed in seething chaos.
You shrug off the repeated paralysis!
The fire dragon is engulfed in seething chaos.
The fire dragon bites you but does no damage.
The fire dragon claws you. The fire dragon tramples you!
* * * LOW HITPOINT WARNING * * *
You stumble backwards!
The fire dragon is engulfed in seething chaos.
The fire dragon completely misses you. x2
The fire dragon barely misses you.
The fire dragon is engulfed in seething chaos.
The fire dragon breathes flames at you. The blast of flame hits you!
You die...
Xom chortles!

............##
.............#
.............# .#
.............# .#
.............## .# #.
..............# .# #..
<.............# .# #..#
##............######.##..##
...............5@D§§.......
###...##.....######§...###
#...##..#### #.†.##
#...###..# #...# ....# #..#
#.†#...... #..........
#........... #..#.........
...##.........


You could see a fire dragon and a friendly shadow imp.

Vanquished Creatures
  A fire dragon (D:12)
  A rakshasa (D:13)
  3 hydras
  Erolcha (D:10)
  2 dancing weapons (D:13)
  A queen ant (shapeshifter) (D:12)
  A hell knight (D:12)
  An unseen horror (D:12)
  A skeletal warrior (D:14)
  8 hill giants
  An unseen horror (shapeshifter) (D:15)
  A wolf spider zombie (D:14)
  A manticore (D:12)
  A cyclops (D:14)
  2 ugly things
  3 centaur zombies
  3 centaur skeletons
  2 kobold demonologists (D:12)
  2 gargoyles
  A yaktaur (D:12)
  2 komodo dragons
  3 trolls
  3 slime creatures (D:12)
  4 two-headed ogres
  A shadow (D:12)
  A trapdoor spider (D:12)
  A spriggan (D:9)
  A hog (shapeshifter) (D:12)
  2 wyverns
  3 deep elf magi
  6 yaks
  A hippogriff (shapeshifter) (D:14)
  A fire elemental (D:5)
  2 basilisks (D:12)
  4 hippogriffs
  A vampire mosquito (D:12)
  A wolf (D:4)
  3 mottled dragons
  A wasp (D:12)
  2 black bears
  9 orc warriors
  3 sky beasts
  2 water moccasins
  4 phantoms
  6 ogres
  2 ice beasts
  A necrophage (D:8)
  15 centaurs
  The ghost of ImmaFairy the Changer, an average FoTm (D:4)
  The ghost of ImmaFairy the Insei, an average OpTm (Sewer)
  3 brain worms
  A crocodile (D:15)
  13 giant frogs
  3 big kobolds
  A water moccasin zombie (D:12)
  3 wyvern skeletons
  4 scorpions
  4 killer bees
  3 wights (D:10)
  9 crimson imps
  A jelly (D:8)
  A quasit (D:10)
  13 orc wizards
  2 giant frog skeletons (D:12)
  7 orc priests
  Ijyb (D:2)
  9 hounds
  2 iguanas
  8 worker ants
  A hound skeleton (D:4)
  4 gnolls
  16 adders
  4 shadow imps
  14 oozes (Sewer)
  An adder zombie (D:6)
  An adder skeleton (D:7)
  5 worms
  22 giant geckos
  45 orcs
  A bat skeleton (D:5)
  21 giant cockroaches
  12 hobgoblins
  15 jackals
  5 quokkas
  17 ball pythons
  16 bats
  16 giant newts
  3 giant spores
  10 goblins
  21 kobolds
  A quokka zombie (D:6)
  15 rats
  11 ballistomycetes
  A plant (D:11)
490 creatures vanquished.

Vanquished Creatures (others)
  A fire vortex (D:5)
  An orc wizard (D:12)
  A giant gecko (D:8)
  An orc (D:12)
  2 giant spores
  A ballistomycete (D:12)
7 creatures vanquished.

Grand Total: 497 creatures vanquished

Notes
Turn   | Place    | Note
--------------------------------------------------------------
     0 | D:1      | RobertPalmer, the Ogre Chaos Knight, began the quest for the Orb.
     0 | D:1      | Reached XP level 1. HP: 24/24 MP: 1/1
    97 | D:1      | XOM: divination: magic mapping
   166 | D:1      | XOM: harmless Divn miscast
   171 | D:1      | XOM: potion effect (invisibility)
   173 | D:1      | XOM: divination: detect creatures
   176 | D:1      | XOM: confuse monster(s)
   179 | D:1      | Reached XP level 2. HP: 32/32 MP: 2/2
   237 | D:1      | Reached skill level 5 in Maces & Flails
   383 | D:1      | XOM: fog
   443 | D:1      | XOM: mild Chrm miscast
   577 | D:1      | XOM: god gift: scroll labeled SUDOEHEABA
   608 | D:1      | XOM: stat loss: -1 Str (15/16)
   696 | D:1      | XOM: draining
   719 | D:1      | You fall through a shaft!
   719 | D:2      | Noticed Ijyb
   719 | D:2      | XOM: medium Erth miscast
   725 | D:2      | XOM: give mutations
   725 | D:2      | Gained mutation: You are frail (-10% HP). [Xom's mischief]
   725 | D:2      | Gained mutation: You are weak. (Str -2) [Xom's mischief]
   725 | D:2      | Lost mutation: You are weak. (Str -2) [Xom's mischief]
   725 | D:2      | Lost mutation: You are frail (-10% HP). [Xom's mischief]
   761 | D:2      | XOM: potion effect (curing)
   776 | D:2      | Reached XP level 3. HP: 21/39 MP: 3/3
   791 | D:2      | XOM: divination: detect creatures
   793 | D:2      | Killed Ijyb
   793 | D:2      | Reached skill level 6 in Maces & Flails
   824 | D:2      | XOM: harmless Air miscast
   893 | D:2      | Reached XP level 4. HP: 41/48 MP: 4/4
  1187 | D:2      | XOM: divination: magic mapping
  1350 | D:2      | Reached skill level 7 in Maces & Flails
  1741 | D:3      | Found a bloodstained altar of Trog.
  1749 | D:3      | XOM: mild Fire miscast
  1817 | D:3      | Reached XP level 5. HP: 54/54 MP: 5/5
  2089 | D:3      | XOM: silly message
  2096 | D:3      | XOM: divination: magic mapping
  2182 | D:4      | Found an iron altar of Okawaru.
  2248 | D:4      | XOM: silly message
  2288 | D:4      | XOM: divination: detect items
  2337 | D:4      | Reached skill level 8 in Maces & Flails
  2512 | D:4      | Noticed ImmaFairy's ghost (average FoTm)
  2527 | D:4      | XOM: divination: detect items
  2566 | D:4      | XOM: divination: detect creatures
  2567 | D:4      | XOM: potion effect (curing)
  2571 | D:4      | XOM: divination: detect creatures
  2577 | D:4      | XOM: harmless Ice miscast
  2595 | D:4      | XOM: divination: magic mapping
  2605 | D:4      | XOM: summons 5 friendly demons
  2610 | D:4      | Killed ImmaFairy's ghost
  2610 | D:4      | Reached XP level 6. HP: 62/62 MP: 6/6
  2681 | D:4      | Noticed a wolf
  2681 | D:4      | a worker ant changed into a wolf
  2689 | D:4      | Killed a wolf
  2689 | D:4      | Reached skill level 9 in Maces & Flails
  2975 | D:4      | XOM: medium Conj miscast
  3050 | D:4      | XOM: mild Conj miscast
  3299 | D:5      | Entered Level 5 of the Dungeon
  3311 | D:5      | Identified a scroll of acquirement
  3312 | D:5      | Got a twisted giant club
  3314 | D:5      | Identified the +8 giant club of Linearity {crush, rElec Str+3 Stlth-} (You acquired it on level 5 of the Dungeon)
  3342 | D:5      | Reached XP level 7. HP: 70/70 MP: 7/7
  3383 | D:5      | Reached skill level 10 in Maces & Flails
  3390 | D:5      | Found a burning altar of Makhleb.
  3538 | D:5      | Found a shadowy altar of Dithmenos.
  3569 | D:5      | Found a glowing golden altar of the Shining One.
  3748 | D:5      | Found a stormy altar of Qazlal.
  3748 | D:5      | Noticed a fire elemental
  3750 | D:5      | XOM: mild Fire miscast
  3751 | D:5      | Noticed a fire vortex
  3751 | D:5      | Noticed a fire vortex
  3751 | D:5      | Killed a fire elemental
  3751 | D:5      | Reached skill level 11 in Maces & Flails
  3753 | D:5      | Killed a fire vortex
  3982 | D:6      | XOM: give mutations
  3982 | D:6      | Gained mutation: You are robust (+10% HP). [Xom's mischief]
  3982 | D:6      | Gained mutation: You are somewhat resistant to further mutation. [Xom's mischief]
  3982 | D:6      | Gained mutation: You are agile. (Dex +2) [Xom's mischief]
  3982 | D:6      | Gained mutation: You occasionally shout uncontrollably at your foes. [Xom's mischief]
  4208 | D:6      | Found a radiant altar of Vehumet.
  4324 | D:6      | XOM: swap monsters
  4327 | D:6      | XOM: confusion
  4335 | D:6      | XOM: confusion
  4341 | D:6      | Reached skill level 12 in Maces & Flails
  4341 | D:6      | Reached XP level 8. HP: 45/85 MP: 8/8
  4533 | D:6      | XOM: medium Pois miscast
  4546 | D:6      | Found a glowing drain.
  4557 | Sewer    | Entered a sewer
  4559 | Sewer    | XOM: blink monster(s)
  4601 | Sewer    | XOM: confusion
  4760 | Sewer    | Noticed ImmaFairy's ghost (average OpTm)
  4765 | Sewer    | Killed ImmaFairy's ghost
  4765 | Sewer    | Reached skill level 13 in Maces & Flails
  4891 | D:6      | Found a sparkling altar of Nemelex Xobeh.
  5189 | D:6      | Reached skill level 3 in Dodging
  5231 | D:6      | XOM: give mutations
  5231 | D:6      | Lost mutation: You are agile. (Dex +2) [Xom's mischief]
  5231 | D:6      | Gained mutation: Armour fits poorly on your strangely shaped body. [Xom's mischief]
  5231 | D:6      | Lost mutation: You are somewhat resistant to further mutation. [Xom's mischief]
  5829 | D:7      | XOM: god gift: brass wand {god gift}
  5842 | D:7      | Found a staircase to the Ecumenical Temple.
  5932 | D:7      | Got a distressingly furry storm dragon armour {rElec}
  5944 | D:7      | Identified the +3 storm dragon armour of the Hundredfold Moons {rElec Int+4, rElec} (You acquired it on level 7 of the Dungeon)
  6032 | D:7      | XOM: 1-stop teleportation journey
  6120 | D:7      | Found a glowing silver altar of Zin.
  6160 | D:7      | XOM: 3-stop teleportation journey
  6290 | D:7      | Reached skill level 1 in Armour
  6292 | D:7      | Reached XP level 9. HP: 79/92 MP: 9/9
  6293 | D:7      | Reached skill level 2 in Armour
  6613 | D:8      | Reached skill level 3 in Armour
  6651 | D:8      | XOM: cast spell 'Ring of Flames'
  6655 | D:8      | XOM: summons friendly iron imp
  6713 | D:8      | Reached skill level 4 in Armour
  6759 | D:8      | Found a blossoming altar of Fedhas.
  6953 | D:8      | XOM: cast spell 'Necromutation'
  6981 | D:8      | Reached skill level 5 in Armour
  7127 | D:8      | XOM: divination: magic mapping
  7184 | D:8      | XOM: 2-stop teleportation journey
  7240 | D:8      | Reached skill level 6 in Armour
  7466 | D:8      | XOM: god gift: scroll of enchant armour
  7500 | D:8      | Found an opulent altar of Gozag.
  7500 | D:8      | Found a snail-covered altar of Cheibriados.
  7540 | D:9      | XOM: confuse monster(s)
  7566 | D:9      | XOM: silly message
  7571 | D:9      | XOM: smoke on damage
  7877 | D:9      | XOM: enchant monster (bad)
  7894 | D:9      | XOM: confuse monster(s)
  7914 | D:9      | XOM: noise
  7915 | D:9      | Reached skill level 7 in Armour
  8087 | D:8      | XOM: god gift: 32 gold pieces
  8127 | D:8      | XOM: mild Tloc miscast
  8163 | D:9      | XOM: silly message
  8165 | D:9      | Reached XP level 10. HP: 86/101 MP: 10/10
  8216 | D:9      | Found an ancient bone altar of Kikubaaqudgha.
  8219 | D:9      | XOM: harmless Necr miscast
  8257 | D:9      | Found a shimmering altar of Xom.
  8313 | D:9      | Found a shattered altar of Ashenzari.
  8536 | D:10     | Entered Level 10 of the Dungeon
  8544 | D:10     | Reached skill level 4 in Dodging
  8582 | D:10     | HP: 24/101 [orc warrior/trident (4)]
  8601 | D:9      | XOM: harmless Conj miscast
  8909 | D:10     | Reached skill level 5 in Dodging
  8944 | D:10     | Found Qahorux's Armour Shoppe.
  8949 | D:10     | Found a staircase to the Orcish Mines.
  9145 | D:10     | XOM is BORED!
  9145 | D:10     | XOM: medium Erth miscast
  9381 | D:10     | Noticed Erolcha
  9387 | D:10     | Killed Erolcha
  9387 | D:10     | Reached skill level 6 in Dodging
  9638 | D:10     | Noticed a hill giant
  9641 | D:10     | XOM: enchant monster (bad)
  9646 | D:10     | Killed a hill giant
  9646 | D:10     | Reached skill level 7 in Dodging
  9976 | D:10     | XOM: summons 2 friendly demons
 10068 | D:11     | Noticed a hill giant
 10071 | D:10     | Reached skill level 8 in Dodging
 10151 | D:11     | Reached XP level 11. HP: 72/110 MP: 11/11
 10174 | D:11     | Killed a hill giant
 10174 | D:11     | Reached skill level 9 in Dodging
 10202 | D:11     | Noticed a hill giant
 10211 | D:11     | Killed a hill giant
 10417 | D:11     | Noticed a white ugly thing
 10424 | D:11     | XOM: noise
 10426 | D:11     | Killed a white ugly thing
 10426 | D:11     | Reached skill level 10 in Dodging
 10448 | D:11     | Noticed a hill giant
 10459 | D:11     | Killed a hill giant
 10479 | D:11     | Found a staircase to the Lair.
 10882 | D:12     | Noticed a hill giant
 10926 | D:12     | Found a flickering gateway to a bazaar.
 10948 | Bazaar   | Entered a bazaar
 10955 | Bazaar   | Found Simupn's Distillery.
 10968 | Bazaar   | Found Xerphett's Weapon Shop.
 10979 | Bazaar   | Found Foirhaeg's Weapon Boutique.
 10990 | Bazaar   | Found Caunweb's Food Shop.
 11042 | Bazaar   | Bought a potion of heal wounds for 50 gold pieces
 11042 | Bazaar   | Bought a potion of experience for 500 gold pieces
 11042 | Bazaar   | Bought 2 potions of curing for 60 gold pieces
 11042 | Bazaar   | Bought a potion of curing for 30 gold pieces
 11042 | Bazaar   | Bought a potion of resistance for 100 gold pieces
 11042 | Bazaar   | Reached skill level 16 in Maces & Flails
 11042 | Bazaar   | Reached XP level 12. HP: 117/117 MP: 12/12
 11213 | D:12     | XOM: chaos upgrade
 11224 | D:12     | Killed a hill giant
 11336 | D:12     | XOM: potion effect (curing)
 11525 | D:12     | Reached skill level 8 in Armour
 11534 | D:12     | Noticed a hill giant
 11536 | D:12     | Noticed a hell knight
 11539 | D:12     | Killed a hill giant
 11555 | D:12     | XOM: 1-stop teleportation journey
 11903 | D:12     | XOM: god gift: shield {god gift}
 11933 | D:12     | Noticed an unseen horror
 11933 | D:12     | XOM: destruction
 11934 | D:12     | XOM: confuse monster(s)
 11938 | D:12     | Killed an unseen horror
 11938 | D:12     | Reached skill level 9 in Armour
 11946 | D:12     | XOM: cast spell 'Ring of Flames'
 12106 | D:12     | Reached XP level 13. HP: 91/125 MP: 13/13
 12111 | D:12     | XOM: cast spell 'Metabolic Englaciation'
 12128 | D:12     | Gained mutation: Your natural rate of healing is unusually fast. [potion of beneficial mutation]
 12162 | D:12     | Lost mutation: Your natural rate of healing is unusually fast. [potion of cure mutation]
 12162 | D:12     | Lost mutation: You are robust (+10% HP). [potion of cure mutation]
 12162 | D:12     | Lost mutation: Armour fits poorly on your strangely shaped body. [potion of cure mutation]
 12162 | D:12     | Lost mutation: You occasionally shout uncontrollably at your foes. [potion of cure mutation]
 12389 | D:12     | Noticed a hill giant
 12391 | D:12     | XOM: divination: detect creatures
 12395 | D:12     | Killed a hill giant
 12395 | D:12     | Reached skill level 11 in Dodging
 12426 | D:12     | Noticed an emperor scorpion
 12426 | D:12     | an entropy weaver changed into an emperor scorpion
 12430 | D:12     | an emperor scorpion changed into a queen ant
 12458 | D:12     | Noticed a fire dragon
 12465 | D:12     | Killed a fire dragon
 12481 | D:12     | XOM: potion effect (invisibility)
 12482 | D:12     | Killed a hell knight
 12488 | D:12     | Reached skill level 12 in Dodging
 12581 | D:12     | XOM: scenery: create altars
 12804 | D:12     | XOM: vitrification
 13124 | D:13     | XOM: 4-stop teleportation journey
 13232 | D:13     | XOM: scenery: 1 doors open
 13233 | D:13     | Found a gate to the Vaults.
 13528 | D:13     | Learned a level 2 spell: Repel Missiles
 13583 | D:14     | Noticed Nessos
 13599 | D:13     | XOM: summons friendly shadow imp
 13610 | D:13     | XOM: divine lightning (protected)
 13622 | D:13     | XOM: swap monsters
 13627 | D:13     | Reached skill level 10 in Armour
 13702 | D:13     | XOM: scenery: create altars
 13823 | D:13     | XOM: colour smoke trail
 14570 | D:12     | Noticed a tengu warrior
 14576 | D:12     | a tengu warrior changed into a slime creature
 14576 | D:12     | XOM: polymorph tengu warrior -> slime creature
 14692 | D:12     | XOM: mild Ice miscast
 14858 | D:14     | XOM: silly message
 14866 | D:14     | Reached skill level 11 in Armour
 14969 | D:14     | XOM: colour smoke trail
 15141 | D:14     | XOM: give mutations
 15141 | D:14     | Gained mutation: Armour fits poorly on your strangely shaped body. [Xom's mischief]
 15141 | D:14     | Gained mutation: You occasionally shout uncontrollably at your foes. [Xom's mischief]
 15141 | D:14     | Gained mutation: You have large cloven feet. [Xom's mischief]
 15340 | D:15     | Entered Level 15 of the Dungeon
 15385 | D:15     | XOM: repel stairs
 15388 | D:15     | XOM: chaos cloud
 15389 | D:15     | XOM: stat loss: -1 Dex (15/16)
 15390 | D:15     | Reached XP level 14. HP: 44/123 MP: 14/14
 15393 | D:15     | Paralysed by you for 5 turns
 15393 | D:15     | XOM: summons friendly shadow imp
 15396 | D:15     | Killed from afar by a fire dragon

Action                   |  1- 3 |  4- 6 |  7- 9 | 10-12 | 13-15 || total
-------------------------+-------+-------+-------+-------+-------++-------
Melee: Mace              |    85 |   212 |       |       |       ||   297
       Giant club        |       |     3 |   355 |   276 |   261 ||   895
       Unarmed           |       |       |       |       |     4 ||     4
 Fire: Blowgun           |       |       |     1 |       |       ||     1
Evoke: Wand              |       |       |     2 |       |     4 ||     6
  Use: Scroll            |     4 |     9 |     6 |    11 |     4 ||    34
       Potion            |     2 |     1 |     3 |     4 |     9 ||    19
 Stab: Invisible         |     5 |       |     9 |       |     3 ||    17
       Sleeping          |       |     6 |       |       |       ||     6
       Distracted        |       |     1 |       |       |     1 ||     2
       Paralysed         |       |     1 |       |       |     1 ||     2
       Petrifying        |       |     1 |       |       |       ||     1
       Confused          |       |     2 |       |     1 |     1 ||     4
  Eat: Chunk             |     1 |     7 |    16 |    12 |     9 ||    45
       Pizza             |       |       |       |     1 |     1 ||     2

Vault maps used:
D:1:      nicolae_arrival_somewhat_less_tricky_arrival, item_on_display_a
D:2:      nicolae_overflow_hidden_temple, minmay_surrounded, uniq_iyjb
D:3:      old_standard_altar
D:4:      kennysheep_little_box, first_bread, minivault_11, minmay_quantized
D:5:      pf_overflow_fires_of_destruction, kennysheep_mini_moat, basic_altar
D:6:      vehumet_statue, lemuel_doored_altar, portal_sewer_entry_f,
          water_maze_lemuel
D:7:      zin_academy, minmay_temple_entry_overgrown, minmay_holes
D:8:      lemuel_coloured_pillars_altar, gammafunk_temple_overflow_wave
D:9:      kiku_gazebo_garden_becter, ashenzari_conservatory_becter, basic_altar,
          the_bakery
D:10:     orc_david_3, grunt_ministairs_6, uniq_erolcha
D:11:     david_lair_shrubbed, minmay_tree_intersection
D:12:     minmay_nested_s, serial_shops, bzr_entry_dummy
D:13:     erik_vaults_1, kennysheep_generic_room_13
D:14:     serial_park_tiny_2, uniq_nessos
D:15:     hangedman_depths_entry_civil_slaughter, library_closet, minivault_28
Bazaar:   bazaar_jpeg_honeycomb
Sewer:    sewer_frog_island_02

Table legend:
 A = Turns spent in this place as a percentage of turns spent in the entire game.
 B = Non-inter-level travel turns spent in this place as a percentage of non-inter-level travel turns spent in the entire game.
 C = Inter-level travel turns spent in this place as a percentage of turns spent in this place.
 D = Turns resting spent in this place as a percentage of non-inter-level travel turns spent in this place.
 E = Turns spent auto-exploring this place as a percentage of non-inter-level travel turns spent in this place.
 F = Non-inter-level travel turns spent in this place divided by the number of levels of this place that you've seen.
                   A       B       C       D       E      F
               +-------+-------+-------+-------+-------+----------------------
         Total | 100.0 | 100.0 |   0.5 |   2.7 |   7.5 | 319.2
       Dungeon |  91.7 |  91.7 |   0.5 |   2.9 |   8.1 | 331.8
        Bazaar |   2.3 |   2.3 |   0.0 |   0.0 |   0.0 | 123.0
         Sewer |   6.0 |   6.0 |   0.0 |   0.0 |   1.2 | 327.0
               +-------+-------+-------+-------+-------+----------------------

Table legend:
 A = Kills in this place as a percentage of kills in entire the game.
 B = Kills by you in this place as a percentage of kills by you in the entire game.
 C = Kills by friends in this place as a percentage of kills by friends in the entire game.
 D = Other kills in this place as a percentage of other kills in the entire game.
 E = Experience gained in this place as a percentage of experience gained in the entire game.
 F = Experience gained in this place divided by the number of levels of this place that you have seen.
                   A       B       C       D       E      F
               +-------+-------+-------+-------+-------+----------------------
         Total | 100.0 | 100.0 |  -nan |  -nan | 100.0 | 2550.1
       Dungeon |  86.0 |  86.0 |  -nan |  -nan |  99.0 | 2861.1
         Sewer |  14.0 |  14.0 |  -nan |  -nan |   1.0 | 435.0
               +-------+-------+-------+-------+-------+----------------------
